EL
JACKSONVILLE SUNS @ COLORADO (EL) ROCKIES
06/30/2048
 
TOP OF THE 1ST
Jacksonville Suns batting - Pitching for Colorado (EL) Rockies : RHP Jalen Young
Pitching: RHP Jalen Young
Batting: RHB Boof Howell 0-0: SINGLE (Line Drive, 8RS, EV 99.4 MPH)
Batting: RHB Miguel Velasco 0-0: Called Strike
Boof Howell steals 2nd base
0-1: Ball
1-1: SINGLE (Line Drive, 7S, EV 108.1 MPH)
Boof Howell to third
Runner from 3rd tries for Home, SAFE, throw by LF to home
Batting: LHB Matt McKeon 0-0: Called Strike
0-1: Fly out, F9 (Flyball, 9D, EV 91.2 MPH)
Batting: RHB Akira Suzuki 0-0: Foul Ball, location: 7LSF, Error on foul ball, E7
0-1: Ball
Miguel Velasco is caught stealing 2nd base 2-4
1-1: Called Strike
1-2: TRIPLE (Flyball, 89XD, EV 96.2 MPH)
Batting: LHB Dong-u Chang 0-0: Ball
1-0: Ball
2-0: Foul Ball, location: 2F
2-1: Foul Ball, location: 2F
2-2: Ball
3-2: Foul Ball, location: 2F
3-2: Base on Balls
Batting: RHB Larry LeFever 0-0: Ball
1-0: Fly out, F5 (Popup, 56, EV 62.5 MPH)
Top of the 1st over - 1 run, 3 hits, 1 error, 2 left on base; Jacksonville 1 - Colorado (EL) 0
BOTTOM OF THE 1ST
Colorado (EL) Rockies batting - Pitching for Jacksonville Suns : RHP Eric Stevenson
Pitching: RHP Eric Stevenson
Batting: RHB Doug D'Onofrio 0-0: SINGLE (Line Drive, 56, EV 95.6 MPH)
Batting: SHB Craig Ruzic 0-0: Ball
1-0: Ball
2-0: Called Strike
2-1: Called Strike
2-2: Ball
3-2: Foul Ball, location: 2F
3-2: Strikes out swinging
Batting: LHB Mick Tucker 0-0: Called Strike
Doug D'Onofrio steals 2nd base
0-1: Foul Ball, location: 2F
0-2: Foul Ball, location: 2F
0-2: Ball
1-2: Ball
2-2: Ball
3-2: Strikes out swinging
Batting: RHB John Corfield 0-0: Ball
1-0: Ground out 6-3 (Groundball, 6MS, EV 86.2 MPH)
Bottom of the 1st over - 0 runs, 1 hit, 0 errors, 1 left on base; Jacksonville 1 - Colorado (EL) 0
TOP OF THE 2ND
Jacksonville Suns batting - Pitching for Colorado (EL) Rockies : RHP Jalen Young
Batting: RHB Tom Thompson 0-0: Ball
1-0: Called Strike
1-1: Called Strike
1-2: TRIPLE (Line Drive, 78XD, EV 105.0 MPH)
Batting: LHB Orlando Rivera 0-0: Called Strike
0-1: Ball
1-1: Foul Ball, location: 2F
1-2: Ball
2-2: Ground out U3 (Groundball, 3, EV 105.6 MPH)
Batting: RHB Alberto Bravo 0-0: Ball
1-0: Ground out 3-1 (Groundball, 34, EV 91.2 MPH)
Tom Thompson scores
Batting: RHB Boof Howell 0-0: Ball
1-0: Ball
2-0: Ball
3-0: Base on Balls
Batting: RHB Miguel Velasco 0-0: Called Strike
0-1: SINGLE (Groundball, 6MD, EV 95.0 MPH)
Boof Howell to second
Runner from 2nd tries for 3rd, SAFE, throw by CF made to third
Batting: LHB Matt McKeon 0-0: Ball
1-0: DOUBLE (Line Drive, 9LS, EV 91.9 MPH)
Boof Howell scores
Miguel Velasco to third
Runner from 3rd tries for Home, SAFE, no throw by RF
Batting: RHB Akira Suzuki 0-0: Ball
1-0: SINGLE (Groundball, 4MS, EV 69.4 MPH) (infield hit)
Matt McKeon to third
Batting: LHB Dong-u Chang 0-0: Ball
1-0: Foul Ball, location: 2F
1-1: Ground out 4-3 (Groundball, 34D, EV 103.1 MPH)
Top of the 2nd over - 3 runs, 4 hits, 0 errors, 2 left on base; Jacksonville 4 - Colorado (EL) 0
BOTTOM OF THE 2ND
Colorado (EL) Rockies batting - Pitching for Jacksonville Suns : RHP Eric Stevenson
Batting: RHB Chris Osting 0-0: Fly out, F6 (Popup, P, EV 89.4 MPH)
Batting: SHB Jeff Sorrels 0-0: Foul Ball, location: 2F
0-1: Ball
1-1: Called Strike
1-2: Ball
2-2: Ball
3-2: Ground out 6-3 (Groundball, 6, EV 103.8 MPH)
Batting: RHB Manny Thompson 0-0: Called Strike
0-1: Ball
1-1: SINGLE (Groundball, 4MD, EV 103.8 MPH)
Batting: RHB Juan Gallardo 0-0: Ball
1-0: Swinging Strike
1-1: Ground out 5-3 (Groundball, 56S, EV 61.2 MPH)
Bottom of the 2nd over - 0 runs, 1 hit, 0 errors, 1 left on base; Jacksonville 4 - Colorado (EL) 0
TOP OF THE 3RD
Jacksonville Suns batting - Pitching for Colorado (EL) Rockies : RHP Jalen Young
Batting: RHB Larry LeFever 0-0: Foul Ball, location: 2F
0-1: Swinging Strike
0-2: Ball
1-2: Ball
2-2: Ground out 6-3 (Groundball, 6, EV 85.0 MPH)
Batting: RHB Tom Thompson 0-0: Swinging Strike
0-1: Foul Ball, location: 2F
0-2: Ball
1-2: Ground out 6-3 (Groundball, 6, EV 94.4 MPH)
Batting: LHB Orlando Rivera 0-0: Ball
1-0: Foul Ball, location: 2F
1-1: Swinging Strike
1-2: Ball
2-2: SINGLE (Groundball, 4MD, EV 100.0 MPH)
Batting: RHB Alberto Bravo 0-0: Called Strike
Orlando Rivera steals 2nd base
0-1: Swinging Strike
0-2: Ball
1-2: Ground out 6-3 (Groundball, 6, EV 105.6 MPH)
Top of the 3rd over - 0 runs, 1 hit, 0 errors, 1 left on base; Jacksonville 4 - Colorado (EL) 0
BOTTOM OF THE 3RD
Colorado (EL) Rockies batting - Pitching for Jacksonville Suns : RHP Eric Stevenson
Batting: RHB Pei Xie 0-0: Ball
1-0: Ball
2-0: Foul Ball, location: 2F
2-1: Fly out, F5 (Line Drive, 5L, EV 71.2 MPH)
Batting: RHB Doug D'Onofrio 0-0: Called Strike
0-1: Ball
1-1: Foul Ball, location: 2F
1-2: Ball
2-2: Foul Ball, location: 2F
2-2: Foul Ball, location: 2F
2-2: Strikes out swinging
Batting: SHB Craig Ruzic 0-0: Ball
1-0: Foul Ball, location: 2F
1-1: Ball
2-1: Foul Ball, location: 2F
2-2: Ball
3-2: Base on Balls
Batting: LHB Mick Tucker 0-0: SINGLE (Groundball, 34D, EV 104.4 MPH)
Craig Ruzic to second
Runner from 2nd tries for 3rd, SAFE, throw by RF made at trailing runner, OUT! 9-6
Bottom of the 3rd over - 0 runs, 1 hit, 0 errors, 1 left on base; Jacksonville 4 - Colorado (EL) 0
TOP OF THE 4TH
Jacksonville Suns batting - Pitching for Colorado (EL) Rockies : RHP Jalen Young
Batting: RHB Boof Howell 0-0: Ball
1-0: Ball
2-0: Ball
3-0: Called Strike
3-1: Base on Balls
Batting: RHB Miguel Velasco 0-0: Foul Ball, location: 2F
0-1: Ball
1-1: Fielders Choice at 2nd, 4-6 (Groundball, 4, EV 91.9 MPH)
Batting: LHB Matt McKeon 0-0: Ball
1-0: Ball
2-0: Called Strike
2-1: Foul Ball, location: 2F
2-2: Foul Ball, location: 2F
2-2: Ball
Wild Pitch!
Miguel Velasco to second
3-2: Base on Balls
Batting: RHB Akira Suzuki 0-0: Called Strike
0-1: Ball
1-1: Ball
2-1: Ball
3-1: Base on Balls
Miguel Velasco to third
Matt McKeon to second
Batting: LHB Dong-u Chang 0-0: SINGLE (Flyball, 56D, EV 95.6 MPH)
Miguel Velasco scores
Matt McKeon to third
Akira Suzuki to second
Pitching: RHP Lorenzo Pacheco
Batting: RHB Larry LeFever 0-0: Called Strike
0-1: Grounds into double play, 4-6-3 (Groundball, 4, EV 89.4 MPH)
Top of the 4th over - 1 run, 1 hit, 0 errors, 2 left on base; Jacksonville 5 - Colorado (EL) 0
BOTTOM OF THE 4TH
Colorado (EL) Rockies batting - Pitching for Jacksonville Suns : RHP Eric Stevenson
Batting: RHB John Corfield 0-0: Foul Ball, location: 2F
0-1: Ball
1-1: Ball
2-1: Swinging Strike
2-2: Foul Ball, location: 2F
2-2: SINGLE (Line Drive, 89S, EV 91.9 MPH)
Batting: RHB Chris Osting 0-0: Called Strike
0-1: Called Strike
0-2: Strikes out looking
Batting: SHB Jeff Sorrels 0-0: Ball
1-0: Grounds into double play, 4-6-3 (Groundball, 4, EV 110.6 MPH)
Bottom of the 4th over - 0 runs, 1 hit, 0 errors, 0 left on base; Jacksonville 5 - Colorado (EL) 0
TOP OF THE 5TH
Jacksonville Suns batting - Pitching for Colorado (EL) Rockies : RHP Lorenzo Pacheco
Batting: RHB Tom Thompson 0-0: Called Strike
0-1: Ball
1-1: Ball
2-1: Ball
3-1: SINGLE (Groundball, 25, EV 67.5 MPH) (infield hit)
Batting: LHB Orlando Rivera 0-0: Fielders Choice at 2nd, 4-6 (Groundball, 4, EV 80.6 MPH)
Batting: RHB Alberto Bravo 0-0: Ball
Orlando Rivera steals 2nd base (no throw)
1-0: SINGLE (Groundball, 56D, EV 94.4 MPH)
Orlando Rivera to third
Runner from 3rd tries for Home, throw by LF and OUT! 7-2
Alberto Bravo to second
Batting: RHB Boof Howell 0-0: Called Strike
0-1: SINGLE (Line Drive, 9S, EV 87.5 MPH)
Alberto Bravo to third
Runner from 3rd tries for Home, SAFE, throw by RF to home
Batting: RHB Miguel Velasco 0-0: Called Strike
0-1: Ball
1-1: SINGLE (Line Drive, 56D, EV 98.1 MPH)
Boof Howell to second
Runner from 2nd tries for 3rd, OUT! 7-5
Top of the 5th over - 1 run, 4 hits, 0 errors, 1 left on base; Jacksonville 6 - Colorado (EL) 0
BOTTOM OF THE 5TH
Colorado (EL) Rockies batting - Pitching for Jacksonville Suns : RHP Eric Stevenson
Batting: RHB Manny Thompson 0-0: Foul Ball, location: 2F
0-1: Foul Ball, location: 2F
0-2: Strikes out swinging
Batting: RHB Juan Gallardo 0-0: Ball
1-0: Swinging Strike
1-1: Foul Ball, location: 2F
1-2: Ball
2-2: Strikes out swinging
Batting: RHB Pei Xie 0-0: Called Strike
0-1: Ball
1-1: Foul Ball, location: 2F
1-2: Strikes out looking
Bottom of the 5th over - 0 runs, 0 hits, 0 errors, 0 left on base; Jacksonville 6 - Colorado (EL) 0
TOP OF THE 6TH
Jacksonville Suns batting - Pitching for Colorado (EL) Rockies : RHP Lorenzo Pacheco
Batting: LHB Matt McKeon 0-0: SOLO HOME RUN (Flyball, 9D, EV 91.9 MPH), Distance : 340 ft
Batting: RHB Akira Suzuki 0-0: Ball
1-0: Called Strike
1-1: Ball
2-1: Ball
3-1: Base on Balls
Batting: LHB Dong-u Chang 0-0: Ball
1-0: Ball
2-0: Ball
3-0: Called Strike
3-1: Foul Ball, location: 2F
3-2: Base on Balls
Akira Suzuki to second
Pitching: RHP Terry Sterling
Batting: RHB Larry LeFever 0-0: Foul Ball, location: 2F
0-1: Fly out, F7 (Flyball, 7, EV 91.9 MPH)
Batting: RHB Tom Thompson 0-0: Called Strike
0-1: Swinging Strike
0-2: Ball
1-2: Ball
2-2: Ball
3-2: Foul Ball, location: 2F
3-2: Base on Balls
Akira Suzuki to third
Dong-u Chang to second
Batting: LHB Orlando Rivera 0-0: Called Strike
0-1: Foul Ball, location: 2F
0-2: Ball
1-2: Ball
2-2: Foul Ball, location: 2F
2-2: Ball
3-2: Base on Balls
Akira Suzuki scores
Dong-u Chang to third
Tom Thompson to second
Batting: RHB Alberto Bravo 0-0: Ball
1-0: Foul Ball, location: 2F
1-1: Foul Ball, location: 2F
1-2: Ball
2-2: Strikes out swinging
Pitching: RHP Mike Clark
Batting: RHB Boof Howell 0-0: Foul Ball, location: 2F
0-1: Ground out 4-3 (Groundball, 4, EV 88.8 MPH)
Top of the 6th over - 2 runs, 1 hit, 0 errors, 3 left on base; Jacksonville 8 - Colorado (EL) 0
BOTTOM OF THE 6TH
Colorado (EL) Rockies batting - Pitching for Jacksonville Suns : RHP Eric Stevenson
Batting: RHB Doug D'Onofrio 0-0: Ball
1-0: Ball
2-0: Foul Ball, location: 2F
2-1: Swinging Strike
2-2: Ground out 6-3 (Groundball, 6, EV 85.6 MPH)
Batting: SHB Craig Ruzic 0-0: Called Strike
0-1: Foul Ball, location: 2F
0-2: Ball
1-2: SINGLE (Line Drive, 8LS, EV 93.8 MPH)
Batting: LHB Mick Tucker 0-0: Foul Ball, location: 2F
0-1: Called Strike
0-2: Ball
1-2: Strikes out swinging
Batting: RHB John Corfield 0-0: Ground out 4-3 (Groundball, 4, EV 103.1 MPH)
Bottom of the 6th over - 0 runs, 1 hit, 0 errors, 1 left on base; Jacksonville 8 - Colorado (EL) 0
TOP OF THE 7TH
Jacksonville Suns batting - Pitching for Colorado (EL) Rockies : RHP Mike Clark
Batting: RHB Miguel Velasco 0-0: Called Strike
0-1: Foul Ball, location: 2F
0-2: Ball
1-2: Strikes out swinging
Batting: LHB Matt McKeon 0-0: Called Strike
0-1: Foul Ball, location: 2F
0-2: Ball
1-2: Strikes out looking
Batting: RHB Akira Suzuki 0-0: Called Strike
0-1: Ball
1-1: Hit by Pitch
Batting: LHB Dong-u Chang 0-0: Ball
1-0: Ball
2-0: Foul Ball, location: 2F
2-1: Swinging Strike
2-2: Fielders Choice at 2nd, 5-4 (Groundball, 56, EV 76.9 MPH)
Top of the 7th over - 0 runs, 0 hits, 0 errors, 1 left on base; Jacksonville 8 - Colorado (EL) 0
BOTTOM OF THE 7TH
Colorado (EL) Rockies batting - Pitching for Jacksonville Suns : RHP Eric Stevenson
Batting: RHB Chris Osting 0-0: Ball
1-0: Ball
2-0: Ball
3-0: Called Strike
3-1: Foul Ball, location: 2F
3-2: Base on Balls
Batting: SHB Jeff Sorrels 0-0: Fly out, F8 (Flyball, BS6, EV 100.0 MPH)
Batting: RHB Manny Thompson 0-0: Called Strike
0-1: Swinging Strike
0-2: Fly out, F8 (Line Drive, 89M, EV 93.8 MPH)
Batting: RHB Juan Gallardo 0-0: Ball
1-0: Ball
2-0: Called Strike
2-1: Fly out, F8 (Flyball, 8RS, EV 93.1 MPH)
Bottom of the 7th over - 0 runs, 0 hits, 0 errors, 1 left on base; Jacksonville 8 - Colorado (EL) 0
TOP OF THE 8TH
Jacksonville Suns batting - Pitching for Colorado (EL) Rockies : RHP Mike Clark
Pitching: RHP Manny Lebron
Batting: RHB Larry LeFever 0-0: Ball
1-0: Called Strike
1-1: Ball
2-1: Fly out, F8 (Flyball, 8LM, EV 85.6 MPH)
Batting: RHB Tom Thompson 0-0: Ball
1-0: Foul Ball, location: 2F
1-1: Swinging Strike
1-2: Ball
2-2: Strikes out swinging
Batting: LHB Orlando Rivera 0-0: Ball
1-0: Ball
2-0: Ball
3-0: Called Strike
3-1: Called Strike
3-2: SINGLE (Groundball, 34D, EV 97.5 MPH)
Batting: RHB Alberto Bravo 0-0: Ball
Orlando Rivera steals 2nd base
1-0: Fly out, F7 (Flyball, 7, EV 89.4 MPH)
Top of the 8th over - 0 runs, 1 hit, 0 errors, 1 left on base; Jacksonville 8 - Colorado (EL) 0
BOTTOM OF THE 8TH
Colorado (EL) Rockies batting - Pitching for Jacksonville Suns : RHP Eric Stevenson
Pitching: RHP Matt Alexander
Pinch Hitting: LHB Paul McClintock 0-0: Foul Ball, location: 2F
0-1: Ball
1-1: Ball
2-1: Ball
3-1: SINGLE (Line Drive, 34, EV 93.8 MPH)
Batting: RHB Doug D'Onofrio 0-0: Fly out, F8 (Flyball, 8LS, EV 95.0 MPH)
Pinch Hitting: RHB Ray Insley 0-0: Ball
1-0: Called Strike
1-1: Ball
2-1: Foul Ball, location: 2F
2-2: Ball
3-2: Fielders Choice at 2nd, 6-4 (Groundball, 6, EV 101.9 MPH)
Batting: LHB Mick Tucker 0-0: Called Strike
0-1: Ball
1-1: Foul Ball, location: 2F
1-2: Strikes out swinging
Bottom of the 8th over - 0 runs, 1 hit, 0 errors, 1 left on base; Jacksonville 8 - Colorado (EL) 0
TOP OF THE 9TH
Jacksonville Suns batting - Pitching for Colorado (EL) Rockies : RHP Manny Lebron
Now at SS: Paul McClintock
Now in LF: Ray Insley
Batting: RHB Boof Howell 0-0: Called Strike
0-1: Ball
1-1: Ball
2-1: Ball
3-1: Called Strike
3-2: Foul Ball, location: 2F
3-2: Base on Balls
Pitching: RHP Michael Conrad
Batting: RHB Miguel Velasco 0-0: Ball
1-0: Foul Ball, location: 2F
1-1: Fielders Choice at 2nd, 6-4 (Groundball, 6M, EV 92.5 MPH)
Batting: LHB Matt McKeon 0-0: Ball
1-0: Swinging Strike
1-1: Foul Ball, location: 2F
1-2: Fly out, F6 (Line Drive, 6, EV 77.5 MPH)
Batting: RHB Akira Suzuki 0-0: Foul Ball, location: 2F
0-1: Ball
1-1: SINGLE (Groundball, 34D, EV 95.6 MPH)
Miguel Velasco to second
Batting: LHB Dong-u Chang 0-0: Swinging Strike
0-1: Ball
1-1: Ball
2-1: Called Strike
2-2: Foul Ball, location: 2F
2-2: Single, Error in OF, E7, batter to second base (Groundball, 56D, EV 102.5 MPH)
Miguel Velasco scores
Akira Suzuki to third
Batting: RHB Larry LeFever 0-0: Ball
1-0: Ball
2-0: Ball
3-0: Called Strike
3-1: Base on Balls
Pitching: RHP Dane Long
Batting: RHB Tom Thompson 0-0: Fly out, F7 (Flyball, 7LS, EV 88.1 MPH)
Top of the 9th over - 1 run, 2 hits, 1 error, 3 left on base; Jacksonville 9 - Colorado (EL) 0
BOTTOM OF THE 9TH
Colorado (EL) Rockies batting - Pitching for Jacksonville Suns : RHP Matt Alexander
Batting: RHB John Corfield 0-0: Ball
1-0: Called Strike
1-1: Swinging Strike
1-2: Strikes out swinging
Batting: RHB Chris Osting 0-0: Ball
1-0: Foul Ball, location: 2F
1-1: Foul Ball, location: 2F
1-2: Foul Ball, location: 2F
1-2: Ground out 5-3 (Groundball, 56S, EV 63.8 MPH)
Batting: SHB Jeff Sorrels 0-0: Called Strike
0-1: DOUBLE (Line Drive, 89M, EV 88.1 MPH)
Batting: RHB Manny Thompson 0-0: Called Strike
0-1: Ball
1-1: Swinging Strike
1-2: Strikes out swinging
Bottom of the 9th over - 0 runs, 1 hit, 0 errors, 1 left on base; Jacksonville 9 - Colorado (EL) 0
Tuesday, March 28th , 2023 - OOTP Baseball 23.10 Build 110